 Dungeon Crawl Stone Soup version 0.32-a0-401-g0bcb2a7693 (webtiles) character file.

Game seed: 5203641342822659721

411 Revguard the Chopper (level 6, 0/47 HPs)
             Began as a Coglin Gladiator on Feb 20, 2024.
             Slain by ciphuk's ghost (5 damage)
             ... on level 3 of the Dungeon.
             The game lasted 00:07:26 (2473 turns).

Revguard the Chopper (Coglin Gladiator)             Turns: 2473, Time: 00:07:26

Health: 0/47       AC:  8    Str: 23    XL:     6   Next: 90%
Magic:  7/7        EV: 12    Int:  7    God:
Gold:   55         SH:  0    Dex: 15    Spells: 5/5 levels left

rFire   . . .        a - +0 war axe {Narong}
rCold   . . .        m - +0 war axe {Publia}
rNeg    . . .        p - +0 ring mail
rPois   .            c - +0 helmet
rElec   .            t - +0 cloak
rCorr   .            g - +0 pair of gloves
SInv    .            (no boots)
Will    .....        (no amulet)
Stlth   +            k - +6 ring of strength
HPRegen 0.27/turn    (no ring)
MPRegen 0.10/turn

%: no passive effects
@: no status effects
A: off-hand wielding, slow wielding, warmup strikes, legs shutdown
a: no special abilities


You were on level 3 of the Dungeon.
You visited 1 branch of the dungeon, and saw 3 of its levels.

You collected 55 gold pieces.

Inventory:

Hand Weapons
 a - a +0 war axe (weapon) {Narong}
 j - a +0 whip {Enrique}
 m - a +0 war axe (worn) {Publia}
Missiles
 d - 3 throwing nets (quivered)
 e - 4 javelins
Armour
 b - a +0 leather armour
 c - a +0 helmet (worn)
 g - a +0 pair of gloves (worn)
 p - a +0 ring mail (worn)
 t - a +0 cloak (worn)
Jewellery
 k - a +6 ring of strength (left grasper)
 n - a ring of wizardry
 v - a ring of wizardry
Wands
 u - a wand of flame (20)
Scrolls
 f - a scroll of identify {unknown}
 h - 2 scrolls of enchant armour {unknown}
 i - a scroll of noise {unknown}
 l - a scroll of enchant weapon {unknown}
 o - a scroll of fear
 w - a scroll of revelation {unknown}
Potions
 q - a potion of curing {unknown}
 r - 2 potions of magic {unknown}
 s - a potion of enlightenment {unknown}
 x - a potion of mutation {unknown}


   Skills:
 * Level 3.6 Fighting
 * Level 4.3 Axes
 - Level 1.7 Throwing
 * Level 2.7 Armour
 + Level 3.4 Dodging
 + Level 1.4 Invocations
 + Level 2.7 Evocations


You had 5 spell levels left.
You didn't know any spells.
Your spell library contained the following spells:

 Spells                   Type           Power      Damage    Failure   Level
 Sandblast                Erth           0%         2d4       58%         1
 Ensorcelled Hibernation  Hex/Ice        0%         N/A       73%         2
 Passwall                 Erth           0%         N/A       91%         3
 Sigil of Binding         Hex            0%         N/A       91%         3
 Stone Arrow              Conj/Erth      0%         3d7       91%         3
 Brom's Barrelling Bould  Conj/Erth      0%         2d3       100%        4
 Manifold Assault         Tloc           0%         N/A       100%        4
 Passage of Golubria      Tloc           0%         N/A       100%        4


Dungeon Overview and Level Annotations

Branches:
Dungeon (3/15)

Altars:
Gozag

Annotations:
D:2 Natasha
D:3 Terence; ciphuk's ghost, amateur CoHu


Innate Abilities, Weirdness & Mutations

You can wield a second weapon in your off-hand.
It takes a long time for you to wield or remove held weapons.
Your first few attacks do less damage.
Attacking and casting redirects power from your legs.


Message History

Ciphuk's ghost hits you but does no damage.
Ciphuk's ghost hits you. Ciphuk's ghost hits you. Ciphuk's ghost hits you.
Ciphuk's ghost hits you.
Ciphuk's ghost hits you but does no damage.
Ciphuk's ghost hits you but does no damage.
Ciphuk's ghost misses you.
Terence the Incautious comes into view.
He is wielding a +0 hand axe.
Terence shouts!
Ciphuk's ghost misses you. Ciphuk's ghost closely misses you.
Ciphuk's ghost hits you but does no damage.
Ciphuk's ghost hits you but does no damage.
Ciphuk's ghost hits you. Terence screams, "I want your blood!"
Ciphuk's ghost misses you. Ciphuk's ghost barely misses you.
Terence hits you with a +0 hand axe.
Ciphuk's ghost hits you but does no damage.
Terence misses you. Ciphuk's ghost barely misses you.
Terence barely misses you.
Ciphuk's ghost hits you but does no damage.
Terence hits you with a +0 hand axe.
* * * LOW HITPOINT WARNING * * *
Ciphuk's ghost hits you but does no damage.
Terence hits you but does no damage. Ciphuk's ghost closely misses you.
Terence barely misses you. Ciphuk's ghost misses you.
Terence barely misses you. The ribbon worm barely misses you.
Ciphuk's ghost closely misses you. Terence hits you with a +0 hand axe.
* * * LOW HITPOINT WARNING * * *
The ribbon worm barely misses you. Ciphuk's ghost hits you.
* * * LOW HITPOINT WARNING * * *
Terence hits you but does no damage. The ribbon worm barely misses you.
Ciphuk's ghost hits you.
* * * LOW HITPOINT WARNING * * *
Terence closely misses you. Ciphuk's ghost hits you.
You die...

..# #.........##.#
..#######†.........#.#
........#..####.#....#
..#####....>.........# ...#
###..####.##.#.# #..######..#
#....#.# #..#.......#
##..#.#.######..w
#(....###..###...w.#.†.)......
#...#......##...@@..#####.....
##....###.##...#W#...# ...
##)#.####.#...##.##...# .
.#†#....#....##...##...#
#..#..#.....##.....##....
##......#...#⌠.?♣!.⌠#..###
##..##.###..##.....##..#
##.....# #...##...##...#
#..#####


You could see Terence, a ribbon worm and ciphuk's ghost.

Vanquished Creatures
  Sigmund (D:2)
  Crazy Yiuf (D:2)
  Jessica (D:2)
  Natasha (D:2)
  7 adders
  A gnoll (D:1)
  3 ribbon worms (D:2)
  2 dart slugs
  An orc (D:3)
  8 endoplasms
  2 giant cockroaches
  7 hobgoblins
  A quokka (D:1)
  7 ball pythons
  4 bats
  A frilled lizard (D:1)
  A goblin (D:1)
  9 kobolds
  2 rats (D:1)
60 creatures vanquished.

Notes
Turn   | Place    | Note
-------+----------+-------------------------------------------
     0 | D:1      | Revguard the Coglin Gladiator began the quest for the Orb.
     0 | D:1      | Reached XP level 1. HP: 16/16 MP: 1/1
    33 | D:1      | Got the Octavo of Fettered Peregrination
   204 | D:1      | Reached XP level 2. HP: 22/22 MP: 2/2
   562 | D:1      | Reached skill level 1 in Evocations
   562 | D:1      | Reached XP level 3. HP: 27/27 MP: 3/3
   580 | D:1      | Reached skill level 1 in Armour
   883 | D:2      | Noticed Sigmund
   891 | D:2      | Killed Sigmund
   892 | D:2      | Reached skill level 1 in Invocations
   892 | D:2      | Reached XP level 4. HP: 24/35 MP: 4/4
   892 | D:2      | Reached XP level 5. HP: 28/41 MP: 5/5
   965 | D:2      | Noticed Jessica
   974 | D:2      | Reached skill level 4 in Axes
   976 | D:2      | Killed Jessica
   977 | D:2      | Reached XP level 6. HP: 36/47 MP: 6/6
  1213 | D:2      | Found a faded altar of an unknown god.
  1477 | D:2      | Found an opulent altar of Gozag.
  1485 | D:2      | Noticed Natasha
  1491 | D:2      | Killed Natasha
  1528 | D:2      | Found a runed translucent door.
  1529 | D:2      | Noticed Crazy Yiuf
  1902 | D:2      | Noticed Natasha
  2033 | D:2      | Killed Crazy Yiuf
  2406 | D:3      | Found a runed translucent door.
  2417 | D:3      | Noticed ciphuk's ghost (amateur CoHu)
  2456 | D:3      | Noticed Terence
  2473 | D:3      | Slain by ciphuk's ghost

Illustrated notes

Levels and vault maps discovered:
D:1:      dpeg_arrival_three_same_balls, layout_basic
D:2:      layout_basic, basic_altar, dilly_ecumenical_altar_fadedgnrine,
          uniq_crazy_yiuf_cottage, uniq_sigmund, uniq_natasha, uniq_jessica
D:3:      layout_loops_ring, nicolae_ru_the_path_less_chosen,
          hellmonk_ghost_happy_afterlife, glass_columns_a, uniq_terence

Skill      XL: |  1  2  3  4  5 |
---------------+----------------+-----
Evocations     | 1 2 |  2.7
Armour         | 2 |  2.7
Fighting       | 3 |  3.6
Dodging        | 3 |  3.4
Invocations    | 1 |  1.4
Axes           | 4 |  4.3
Throwing       | |  1.7

Action                     |  1- 3 |  4- 6 || total
---------------------------+-------+-------++-------
  Melee: War axe           |    75 |   138 ||   213
         Whip              |     7 |       ||     7
    Use: Scroll            |       |     1 ||     1
 Armour: Leather armour    |    10 |       ||    10
         Ring mail         |    15 |    74 ||    89
  Dodge: Dodged            |    42 |    73 ||   115

Table legend: (Time is in decaauts)
 A = Elapsed time spent in this place.
 B = Non-inter-level travel time spent in this place.
 C = Inter-level travel time spent in this place.
 D = Time resting spent in this place.
 E = Time spent auto-exploring this place.
 F = Levels seen in this place.
 G = Mean time per level.
                   A        B        C        D        E       F      G
               +--------+--------+--------+--------+--------+-----+--------+
         Total |   2516 |   2454 |     62 |     39 |   1917 |   3 |  838.7 |
       Dungeon |   2516 |   2454 |     62 |     39 |   1917 |   3 |  838.7 |
               +--------+--------+--------+--------+--------+-----+--------+

Top non-repeatable levels by time:
     D:2: 1318 daAuts
     D:1: 897 daAuts
     D:3: 300 daAuts
